 Dungeon Crawl Stone Soup version 0.20-a0-700-gbd4582c (webtiles) character file.

6605 PBRawket the Cleaver (level 10, -8/91 HPs)
             Began as a Minotaur Fighter on Feb 20, 2017.
             Was a Priest of Trog.
             Mangled by Harold
             ... wielding a +0 dire flail
              (11 damage)
             ... on level 11 of the Dungeon.
             The game lasted 00:55:30 (10382 turns).

PBRawket the Cleaver (Minotaur Fighter)            Turns: 10382, Time: 00:55:31

Health: -8/91      AC: 17    Str: 24      XL:     10   Next: 71%
Magic:  9/9        EV:  8    Int:  4 (5)  God:    Trog [***...]
Gold:   525        SH:  0    Dex:  8 (10) Spells: 9/9 levels left

rFire    + + .     SeeInvis .   A - +0 battleaxe
rCold    + . .     Gourm    .   B - +0 plate armour
rNeg     . . .     Faith    .   (shield currently unavailable)
rPois    .         Spirit   .   (helmet restricted)
rElec    .         Reflect  .   i - scarf {rC+ rF+}
rCorr    .         Harm     .   K - +0 pair of gloves
MR       .....                  e - +0 pair of boots
Stlth    ..........             I - amulet of rage
Regen    0.3/turn               (no ring)
MPRegen  0.2/turn               s - ring of protection from fire

@: no status effects
A: retaliatory headbutt, horns 2
a: Berserk, Trog's Hand, Burn Spellbooks, Renounce Religion, Evoke Berserk Rage


You were on level 11 of the Dungeon.
You worshipped Trog.
Trog was most pleased with you.
You were completely stuffed.

You visited 2 branches of the dungeon, and saw 12 of its levels.

You collected 525 gold pieces.

Inventory:

Hand Weapons
 a - a +0 war axe
 A - a +0 battleaxe (weapon)
Missiles
 j - 3 tomahawks of returning (quivered)
Armour
 c - a +0 shield
 e - a +0 pair of boots (worn)
 i - a scarf of resistance (worn)
 B - a +0 plate armour (worn)
 K - a +0 pair of gloves (worn)
Jewellery
 s - a ring of protection from fire (left hand)
 y - an uncursed ring of wizardry
 I - an amulet of rage (around neck)
Wands
 F - a wand of flame (40/48)
Scrolls
 b - a scroll of enchant weapon {unknown}
 f - 4 scrolls of teleportation
 g - 2 scrolls of recharging
 h - 2 scrolls of remove curse
 m - 5 scrolls of fear
 o - 2 scrolls of blinking
 u - a scroll of noise
 w - a scroll of magic mapping
 E - a scroll of fog
Potions
 d - 3 potions of might
 k - 2 potions of curing
 n - 2 potions of mutation {unknown}
 p - 2 potions of brilliance
 q - a potion of invisibility
 r - 2 potions of resistance
 t - 2 potions of lignification
 v - a potion of ambrosia {unknown}
 z - 3 potions of degeneration
 H - a potion of magic {unknown}
Comestibles
 l - 4 bread rations
 D - 2 meat rations
 G - 24 fruits


   Skills:
 + Level 9.1 Fighting
 + Level 12.5 Axes
 + Level 9.9 Armour
 + Level 3.4 Dodging
 + Level 1.0 Stealth
 + Level 8.1 Shields


You had 9 spell levels left.
You didn't know any spells.

Dungeon Overview and Level Annotations

Branches:
Dungeon (11/15)            Temple (1/1) D:5
   Lair: D:8-11         Orc: D:9-12

Altars:
Ashenzari
Cheibriados
Dithmenos
Elyvilon
Fedhas
Gozag
Hepliaklqana Ieoh Jian
Kikubaaqudgha
Makhleb
Nemelex Xobeh
Okawaru
Qazlal
Ru
Sif Muna
Trog
Uskayaw
Vehumet
Xom
Yredelemnul
Zin
The Shining One

Shops:
D:5 =

Annotations:
D:11 Harold


Innate Abilities, Weirdness & Mutations

You reflexively headbutt those who attack you in melee.
You have a pair of horns on your head.


Message History

The shadow imp dies!
You climb downwards.
There is a stone staircase leading up here.
Harold hits you with a dire flail.
* * * LOW HITPOINT WARNING * * *
Harold points at you and mumbles some strange words.
The bolt of fire hits you! You resist.
* * * LOW HITPOINT WARNING * * *
Harold hits you but does no damage.
You hit Harold.
Harold is lightly wounded.
Harold closely misses you. You furiously retaliate!
You headbutt Harold. You slash Harold!
Harold is moderately wounded.
Harold hits you with a dire flail!
* * * LOW HITPOINT WARNING * * *
You hit Harold but do no damage.
Harold is moderately wounded.
Harold hits you with a dire flail!
You die...

### ### .. #..
...#
....###.##.....
...........#
#<#####.#
#.@@....#
#########


You could see Harold.

Vanquished Creatures
  The ghost of CanOfBees the Archer, a novice CeHu of Okawaru (D:6)
  An ugly thing (D:10)
  A kobold demonologist (D:9)
  Grinder (D:4)
  A hippogriff (D:9)
  Menkaure (D:4)
  4 orc warriors
  2 black bears
  3 ice beasts
  An eye of draining (D:9)
  10 ogres
  4 centaurs
  2 phantoms
  A crocodile (D:9)
  3 big kobolds
  4 bullfrogs
  3 scorpions (D:9)
  7 killer bees
  2 howler monkeys (D:4)
  A jelly (D:9)
  3 crimson imps
  2 centaur zombies
  2 orc priests
  10 hounds
  2 bullfrog skeletons
  A gnoll shaman (D:9)
  4 orc wizards
  3 iguanas
  3 worker ants
  Terence (D:3)
  A mummy (D:8)
  Robin (D:4)
  3 worker ant zombies
  5 gnolls (D:9)
  17 adders
  3 shadow imps
  An adder zombie (D:6)
  A worm (D:4)
  A dart slug (D:2)
  3 leopard geckos
  26 orcs
  3 ball pythons
  A giant cockroach (D:5)
  14 goblins
  10 hobgoblins
  14 jackals
  5 quokkas
  3 bats
  10 frilled lizards
  A jackal skeleton (D:5)
  14 kobolds
  A kobold zombie (D:8)
  A leopard gecko skeleton (D:5)
  3 orc zombies (D:8)
  A quokka skeleton (D:8)
  5 rats
  A plant (D:8)
233 creatures vanquished.

Vanquished Creatures (others)
  A shadow imp (D:10)
1 creature vanquished.

Grand Total: 234 creatures vanquished

Notes
Turn   | Place    | Note
-------+----------+-------------------------------------------
     0 | D:1      | PBRawket the Minotaur Fighter began the quest for the Orb.
     0 | D:1      | Reached XP level 1. HP: 19/19 MP: 0/0
   280 | D:1      | Reached XP level 2. HP: 27/27 MP: 1/1
  1017 | D:2      | Reached XP level 3. HP: 21/33 MP: 2/2
  1905 | D:2      | Reached skill level 3 in Axes
  2061 | D:3      | Reached XP level 4. HP: 40/40 MP: 3/3
  3049 | D:3      | Noticed Terence
  3065 | D:3      | Killed Terence
  3195 | D:3      | Reached skill level 4 in Axes
  3195 | D:3      | Reached skill level 1 in Dodging
  3195 | D:3      | Reached XP level 5. HP: 46/46 MP: 4/4
  3209 | D:4      | Reached skill level 5 in Armour
  3447 | D:4      | Noticed a phantom
  3501 | D:4      | Killed a phantom
  3501 | D:4      | Reached XP level 6. HP: 45/53 MP: 5/5
  3594 | D:4      | Reached skill level 5 in Axes
  3619 | D:4      | Noticed Robin
  3642 | D:4      | Reached skill level 5 in Shields
  3647 | D:4      | Killed Robin
  3677 | D:4      | Noticed Menkaure
  3691 | D:4      | Killed Menkaure
  3691 | D:4      | Reached XP level 7. HP: 23/60 MP: 6/6
  3760 | D:4      | Reached skill level 5 in Fighting
  3842 | D:4      | Identified Rouxuant's Collected Works on Fiery Summoning
  3896 | D:4      | Reached skill level 6 in Axes
  4040 | D:4      | Noticed Grinder
  4048 | D:4      | Paralysed by Grinder for 6 turns
  4056 | D:4      | Killed Grinder
  4056 | D:4      | Reached skill level 7 in Axes
  4282 | D:5      | Entered Level 5 of the Dungeon
  4316 | D:5      | Found Qem Yvuz's Jewellery Shop.
  4368 | D:5      | Reached XP level 8. HP: 56/68 MP: 7/7
  4382 | D:5      | Found a sparkling altar of Nemelex Xobeh.
  4516 | D:5      | Found a staircase to the Ecumenical Temple.
  4551 | Temple   | Entered the Ecumenical Temple
  4874 | Temple   | Became a worshipper of Trog the Wrathful
  5048 | D:5      | Found an opulent altar of Gozag.
  5619 | D:5      | Reached skill level 8 in Axes
  5823 | D:6      | Reached * piety under Trog
  5868 | D:6      | Noticed CanOfBees's ghost (novice CeHu)
  5890 | D:6      | Killed CanOfBees's ghost
  5890 | D:6      | Reached skill level 9 in Axes
  5890 | D:6      | Reached XP level 9. HP: 54/78 MP: 8/8
  6575 | D:6      | Reached skill level 10 in Axes
  6786 | D:7      | Reached skill level 1 in Stealth
  6902 | D:7      | Found a burning altar of Makhleb.
  7262 | D:7      | Reached ** piety under Trog
  7953 | D:8      | Found a shimmering altar of Xom.
  7957 | D:8      | Found a shattered altar of Ashenzari.
  7962 | D:8      | Found a snail-covered altar of Cheibriados.
  8434 | D:8      | Reached skill level 11 in Axes
  8434 | D:8      | Reached XP level 10. HP: 76/88 MP: 9/9
  8528 | D:9      | Found a sacrificial altar of Ru.
  9121 | D:9      | Noticed an orange demon
  9455 | D:9      | Reached *** piety under Trog
  9579 | D:9      | Reached skill level 12 in Axes
  9982 | D:9      | Found a stormy altar of Qazlal.
 10160 | D:10     | Entered Level 10 of the Dungeon
 10294 | D:10     | Noticed a cyan ugly thing
 10306 | D:10     | Killed a cyan ugly thing
 10332 | D:10     | Noticed Harold
 10381 | D:11     | HP: 3/91 [Harold/dire flail (10)]
 10382 | D:11     | Mangled by Harold

Vault maps used:
D:1:      evilmike_arrival_plus
D:2:      kennysheep_generic_room_12
D:3:      first_bread, minmay_misc_feat_iff, uniq_terence
D:4:      uniq_robin, uniq_menkaure, uniq_grinder
D:5:      nemelex_xobeh_ov_fountains_minmay, lemuel_temple_firewalk_b,
          serial_shops, shop, grunt_gozag_statues
D:7:      bloody_makhleb, corexii_item_surrounded_by_moat,
          corexii_leaking_fountain
D:8:      grunt_temple_overflow_open, lair_entry_dummy, blue_anna_alchemist,
          minmay_mini_ossuary
D:9:      lemuel_round_altar, basic_altar
D:10:     minmay_orc_entry_temple_small, kennysheep_small_circle, uniq_harold
D:11:     uniq_maurice, uniq_snorg
Temple:   regret_index_temple_sphere_string

Skill      XL: |  1  2  3  4  5  6  7  8  9 10 |
---------------+-------------------------------+-----
Fighting       | 4 5 6 8 9 |  9.1
Armour         | 4 5 6 7 8 9 |  9.9
Shields        | 4 5 6 7 8 |  8.1
Axes           | 3 4 5 7 9 11 12 | 12.5
Dodging        | 1 2 3 |  3.4
Stealth        | 1 |  1.0

Action                   |  1- 3 |  4- 6 |  7- 9 | 10-12 || total
-------------------------+-------+-------+-------+-------++-------
Melee: War axe           |    84 |   139 |   223 |       ||   446
       Headbutt          |    14 |    22 |    60 |    33 ||   129
       Battleaxe         |       |       |    86 |   164 ||   250
Invok: Burn Spellbooks   |       |       |     1 |       ||     1
  Use: Scroll            |     6 |     2 |     9 |     1 ||    18
       Potion            |       |     1 |     4 |     5 ||    10
  Eat: Fruit             |     4 |       |     5 |     1 ||    10
       Bread ration      |     2 |     1 |     2 |       ||     5
       Meat ration       |     1 |       |       |     1 ||     2
       Royal jelly       |       |     1 |     2 |     1 ||     4
Armor: Scale mail        |    46 |    71 |     1 |       ||   118
       Plate armour      |       |       |   245 |   217 ||   462
       Skin              |       |       |     1 |       ||     1
Dodge: Dodged            |    30 |    76 |   111 |   128 ||   345
Block: Shield            |    62 |    98 |   133 |       ||   293
